Workbook
Name _Hlk523147291: 'FORMATO 07 '!$A$4

Sheet FORMATO 07 
A2: EMPRESA NACIONAL PROMOTORA DEL DESARROLLO TERRITORIAL – ENTerritorio FORMATO 07 OFERTA ECONÓMICA
A3: NTERVENTORIA TÉCNICA, ADMINISTRATIVA, FINANCIERA, CONTABLE, SOCIAL, AMBIENTAL Y JURÍDICA A LA ELABORACIÓN DE LOS ESTUDIOS Y DISEÑOS DEFINITIVOS DE LAS SOLUCIONES DE ABASTECIMIENTO DE AGUA APTA PARA EL CONSUMO HUMANO Y SANEAMIENTO BÁSICO PARA VIVIENDAS RURALES DISPERSAS EN EL DEPARTAMENTO DE CAQUETÁ.”
A4: PRESUPUESTO OFICIAL ESTIMADO
A5: DESCRIPCIÓN | C5: VALOR TOTAL
A6: VALOR INTERVENTORÍA ETAPA 1 SIN IVA | C6: =+'FORMATO 07A ETAPA 1'!I26 -> 0
A7: IVA (19%) ETAPA 1 | C7: =+'FORMATO 07A ETAPA 1'!I27 -> 0
A8: VALOR TOTAL INTERVENTORÍA ETAPA 1 (A) | C8: =SUM(C6:C7) -> 0
A9: VALOR INTERVENTORÍA ETAPA 2 SIN IVA | C9: =+'FORMATO 07A ETAPA 2'!I26 -> 0
A10: IVA (19%) ETAPA 2 | C10: =+'FORMATO 07A ETAPA 2'!I27 -> 0
A11: VALOR TOTAL INTERVENTORÍA ETAPA 2 (B) | C11: =SUM(C9:C10) -> 0
A12: VALOR INTERVENTORÍA ETAPA 3 SIN IVA | C12: =+'FORMATO 07A ETAPA 3'!I15 -> 0
A13: IVA (19%) ETAPA 3 | C13: =+'FORMATO 07A ETAPA 3'!I16 -> 0
A14: VALOR TOTAL INTERVENTORÍA ETAPA 3 (C) | C14: =SUM(C12:C13) -> 0
A15: VALOR TOTAL DE LA INTERVENTORÍA ( D ) = ( A + B) | C15: =+C8+C11+C14 -> 0
A16: FIRMA Y NOMBRE DEL REPRESENTANTE LEGAL O SU DELEGADO

Sheet FORMATO 07A ETAPA 1
B5: EMPRESA NACIONAL PROMOTORA DEL DESARROLLO TERRITORIAL – ENTerritorio FORMATO 07A ETAPA 1 OFERTA ECONÓMICA
B6: PERSONAL PROFESIONAL PARA LA INTERVENTORÍA A LA ETAPA 1
B7: CONCEPTO | C7: A | D7: B | E7: C | F7: D | G7: E | H7: F
B8: PERSONAL PROFESIONAL | C8: CANTIDAD | D8: SUELDO MES BÁSICO | E8: % DEDICACIÓN | F8: F.M. | G8: VALORES MES (AxBxCxD) | H8: No. DE MESES | I8: TOTAL PARCIAL
I9: (ExF)
B10: Director de interventoría | C10: 1 | E10: 0.2 | G10: =+ROUND((D10*E10*F10*C10),2) -> 0 | H10: 3 | I10: =+ROUND((G10*H10),2) -> 0 | L10: 5
B11: Especialista Hidraulico | C11: 1 | E11: 0.15 | G11: =+ROUND((D11*E11*F11*C11),2) -> 0 | H11: 2 | I11: =+ROUND((G11*H11),2) -> 0
B12: Especialista en PTAP | C12: 1 | E12: 0.15 | G12: =+ROUND((D12*E12*F12*C12),2) -> 0 | H12: 1 | I12: =+ROUND((G12*H12),2) -> 0
B13: Especialista en PTAR | C13: 1 | E13: 0.15 | G13: =+ROUND((D13*E13*F13*C13),2) -> 0 | H13: 1 | I13: =+ROUND((G13*H13),2) -> 0
B14: Arquitecto | C14: 1 | E14: 0.15 | G14: =+ROUND((D14*E14*F14*C14),2) -> 0 | H14: 1 | I14: =+ROUND((G14*H14),2) -> 0
B15: Especialista Electrico | C15: 1 | E15: 0.15 | G15: =+ROUND((D15*E15*F15*C15),2) -> 0 | H15: 1 | I15: =+ROUND((G15*H15),2) -> 0
B16: Especialista Geotecnia | C16: 1 | E16: 0.15 | G16: =+ROUND((D16*E16*F16*C16),2) -> 0 | H16: 1 | I16: =+ROUND((G16*H16),2) -> 0
B17: Especialita en Estructuras | C17: 1 | E17: 0.15 | G17: =+ROUND((D17*E17*F17*C17),2) -> 0 | H17: 1 | I17: =+ROUND((G17*H17),2) -> 0
B18: Especialista Ambiental | C18: 1 | E18: 0.15 | G18: =+ROUND((D18*E18*F18*C18),2) -> 0 | H18: 1 | I18: =+ROUND((G18*H18),2) -> 0
B19: Profesional Jurídico Gestión Predial | C19: 1 | E19: 0.1 | G19: =+ROUND((D19*E19*F19*C19),2) -> 0 | H19: 1 | I19: =+ROUND((G19*H19),2) -> 0
B20: Profesional de Costos y Presupuestos | C20: 1 | E20: 0.1 | G20: =+ROUND((D20*E20*F20*C20),2) -> 0 | H20: 1 | I20: =+ROUND((G20*H20),2) -> 0
B21: Profesional social | C21: 1 | E21: 0.5 | G21: =+ROUND((D21*E21*F21*C21),2) -> 0 | H21: 2 | I21: =+ROUND((G21*H21),2) -> 0
B22: Ingeniero Auxiliar y de Apoyo | C22: 1 | E22: 1 | G22: =+ROUND((D22*E22*F22*C22),2) -> 0 | H22: 3 | I22: =+ROUND((G22*H22),2) -> 0
B23: SUBTOTAL COSTO PERSONAL PROFESIONAL (1) | I23: =SUM(I10:I22) -> 0
B24: COSTOS INDIRECTOS
B25: SUB TOTAL COSTOS INDIRECTOS (2)
B26: COSTO TOTAL = (1) + (2) | I26: =+I23+I25 -> 0
B27: IVA 19% | I27: =+I26*19% -> 0
B28: VALOR TOTAL DE LA INTERVENTORÍA A LA ETAPA 1 | I28: =SUM(I26:I27) -> 0

Sheet FORMATO 07A ETAPA 2
B5: EMPRESA NACIONAL PROMOTORA DEL DESARROLLO TERRITORIAL – ENTerritorio FORMATO 07A ETAPA 2 OFERTA ECONÓMICA
B6: PERSONAL PROFESIONAL PARA LA INTERVENTORÍA A LA ETAPA 2
B7: CONCEPTO | C7: A | D7: B | E7: C | F7: D | G7: E | H7: F
B8: PERSONAL PROFESIONAL | C8: CANTIDAD | D8: SUELDO MES BÁSICO | E8: % DEDICACIÓN | F8: F.M. | G8: VALORES MES (AxBxCxD) | H8: No. DE MESES | I8: TOTAL PARCIAL
I9: (ExF)
B10: Director de interventoría | C10: 1 | E10: 0.2 | G10: =+ROUND((D10*E10*F10*C10),2) -> 0 | H10: 2 | I10: =+ROUND((G10*H10),2) -> 0 | O10: 5
B11: Especialista Hidraulico | C11: 1 | E11: 0.15 | G11: =+ROUND((D11*E11*F11*C11),2) -> 0 | H11: 2 | I11: =+ROUND((G11*H11),2) -> 0
B12: Especialista en PTAP | C12: 1 | E12: 0.15 | G12: =+ROUND((D12*E12*F12*C12),2) -> 0 | H12: 1 | I12: =+ROUND((G12*H12),2) -> 0
B13: Especialista en PTAR | C13: 1 | E13: 0.15 | G13: =+ROUND((D13*E13*F13*C13),2) -> 0 | H13: 1 | I13: =+ROUND((G13*H13),2) -> 0
B14: Arquitecto | C14: 1 | E14: 0.15 | G14: =+ROUND((D14*E14*F14*C14),2) -> 0 | H14: 1 | I14: =+ROUND((G14*H14),2) -> 0
B15: Especialista Electrico | C15: 1 | E15: 0.15 | G15: =+ROUND((D15*E15*F15*C15),2) -> 0 | H15: 1 | I15: =+ROUND((G15*H15),2) -> 0
B16: Especialista Geotecnia | C16: 1 | E16: 0.15 | G16: =+ROUND((D16*E16*F16*C16),2) -> 0 | H16: 1 | I16: =+ROUND((G16*H16),2) -> 0
B17: Especialita en Estructuras | C17: 1 | E17: 0.15 | G17: =+ROUND((D17*E17*F17*C17),2) -> 0 | H17: 1 | I17: =+ROUND((G17*H17),2) -> 0
B18: Especialista Ambiental | C18: 1 | E18: 0.15 | G18: =+ROUND((D18*E18*F18*C18),2) -> 0 | H18: 1 | I18: =+ROUND((G18*H18),2) -> 0
B19: Profesional Jurídico Gestión Predial | C19: 1 | E19: 0.1 | G19: =+ROUND((D19*E19*F19*C19),2) -> 0 | H19: 1 | I19: =+ROUND((G19*H19),2) -> 0
B20: Profesional de Costos y Presupuestos | C20: 1 | E20: 0.1 | G20: =+ROUND((D20*E20*F20*C20),2) -> 0 | H20: 1 | I20: =+ROUND((G20*H20),2) -> 0
B21: Profesional social | C21: 1 | E21: 0.25 | G21: =+ROUND((D21*E21*F21*C21),2) -> 0 | H21: 2 | I21: =+ROUND((G21*H21),2) -> 0
B22: Ingeniero Auxiliar y de Apoyo | C22: 1 | E22: 1 | G22: =+ROUND((D22*E22*F22*C22),2) -> 0 | H22: 2 | I22: =+ROUND((G22*H22),2) -> 0
B23: SUBTOTAL COSTO PERSONAL PROFESIONAL (1) | I23: =SUM(I10:I22) -> 0
B24: COSTOS INDIRECTOS
B25: SUB TOTAL COSTOS INDIRECTOS (2)
B26: COSTO TOTAL = (1) + (2) | I26: =+I23+I25 -> 0
B27: IVA 19% | I27: =+I26*19% -> 0
B28: VALOR TOTAL DE LA INTERVENTORÍA A LA ETAPA 2 | I28: =SUM(I26:I27) -> 0

Sheet FORMATO 07A ETAPA 3
B5: EMPRESA NACIONAL PROMOTORA DEL DESARROLLO TERRITORIAL – ENTerritorio FORMATO 07A ETAPA 3 OFERTA ECONÓMICA
B6: PERSONAL PROFESIONAL PARA LA INTERVENTORÍA A LA ETAPA 3
B7: CONCEPTO | C7: A | D7: B | E7: C | F7: D | G7: E | H7: F
B8: PERSONAL PROFESIONAL | C8: CANTIDAD | D8: SUELDO MES BÁSICO | E8: % DEDICACIÓN | F8: F.M. | G8: VALORES MES (AxBxCxD) | H8: No. DE MESES | I8: TOTAL PARCIAL
I9: (ExF)
B10: Director de interventoría | C10: 1 | E10: 0.2 | G10: =+ROUND((D10*E10*F10*C10),2) -> 0 | H10: 1 | I10: =+ROUND((G10*H10),2) -> 0 | O10: 5
B11: Ingeniero Auxiliar y de Apoyo | C11: 1 | E11: 0.5 | G11: =+ROUND((D11*E11*F11*C11),2) -> 0 | H11: 1 | I11: =+ROUND((G11*H11),2) -> 0
B12: SUBTOTAL COSTO PERSONAL PROFESIONAL (1) | I12: =SUM(I10:I11) -> 0
B13: COSTOS INDIRECTOS
B14: SUB TOTAL COSTOS INDIRECTOS (2)
B15: COSTO TOTAL = (1) + (2) | I15: =+I12 -> 0
B16: IVA 19% | I16: =19%*I15 -> 0
B17: VALOR TOTAL DE LA INTERVENTORÍA A LA ETAPA 3 | I17: =+I15+I16 -> 0

Sheet FORMATO 07
B1: FONDO FINANCIERO DE PROYECTOS DE DESARROLLO – FONADE DEPARTAMENTO DE PROSPERIDAD SOCIAL Y FONDO DE INVERSIONES PARA LA PAZ NACIÓN - MINISTERIO DEL INTERIOR – FONDO NACIONAL DE SEGURIDAD Y CONVIVENCIA CIUDADANA - FONSECÓN CONTRATO INTERADMINISTRATIVO DE GERENCIA INTEGRAL DE PROYECTOS Nº215090 MUNICIPIO DE VELEZ CONVENIO INTERADMINISTRATIVO DE COOPERACIÓN No.215126 FORMATO 07 OFERTA ECONÓMICA
A2: OFERTA PÚBLICA OPC 015-2016
A4: ESTUDIOS, DISEÑOS, DEMOLICIÓN DE LA ESTRUCTURA EXISTENTE Y CONSTRUCCIÓN DE LA ESTACIÓN DE POLICÍA DEL MUNICIPIO VÉLEZ, DEPARTAMENTO DE SANTANDER
A6: ESPECIFICACIONES | B6: ITEM | C6: DESCRIPCIÓN | D6: UNID | E6: CANT | F6: V/R UNIT | G6: V/R TOTAL
B7: 1 | C7: ÁREA CONSTRUIDA CUBIERTA | D7: M2 | E7: 1442.25
B8: 2 | C8: ÁREA CONSTRUIDA DESCUBIERTA | D8: M2 | E8: 595.79
B9: VALOR COSTOS DIRECTOS
B10: VALOR COSTOS INDIRECTOS
B11: ADMINISTRACIÓN | D11: %
B12: IMPREVISTOS | D12: %
B13: UTILIDAD | D13: %
B14: IVA SOBRE LA UTILIDAD
A15: (B) | B15: VALOR TOTAL ETAPA DE EJECUCIÓN DE OBRA SIN GASTOS POR CONCEPTO DE ANTICIPO
B16: VALOR ETAPA ESTUDIOS Y DISEÑOS ANTES DE IVA
B17: IVA 16%
A18: (A) | B18: VALOR TOTAL ETAPA 1 - ESTUDIOS TÉCNICOS Y DISEÑOS
B19: VALOR TOTAL DE LA OFERTA SIN GASTOS POR CONCEPTO DE ANTICIPO = (A) + (B)
A20: (C) | B20: COSTOS FIDUCIA Y PRIMA MANEJO DE ANTICIPO (C ) (*)
A21: (D) | B21: VALOR TOTAL PROYECTO (D) = (A) + (B) + (C)
A24: NOTA (*): ESTE ES UN VALOR FIJO QUE CORRESPONDE A $7.214.546.00 Y SE RECONOCERÁ ÚNICAMENTE AL OFERENTE QUE ACEPTE EL ANTICIPO
B29: FIRMA DEL OFERENTE:
B30: NOMBRE DEL OFERENTE:
B31: IDENTIFICACIÓN DEL OFERENTE
